Senators vs Marlies

Created - Saturday, January 23, 2016 at 12:48

Goals
1 2 3 OT1 SO T
Senators 0 1 0 0 1 2
Marlies 0 1 0 0 0 1
Shots
1 2 3 OT1 SO T
Senators 15 4 11 3 3 33
Marlies 9 15 4 0 3 28

1st period

No Goal

Penalties :
Jordan Nolan (TOR) for Hooking (Minor) at 1:23, Jarred Tinordi (TOR) for Fighting (Major) at 5:11, Philip McRae (BIN) for Fighting (Major) at 5:11, Rich Clune (TOR) for Fighting (Major) at 10:42, Greg Nemisz (BIN) for Fighting (Major) at 10:42

2nd period

1. Senators , Emerson Etem 9 (Griffin Reinhart, Cody Hodgson) at 9:39
2. Marlies , Scott Harrington 18 (Rich Clune, Ryan Carpenter) at 17:14

Penalties :
Jarred Tinordi (TOR) for Fighting (Major) at 0:04, Griffin Reinhart (BIN) for Fighting (Major) at 0:04, Jarred Tinordi (TOR) for instigated a fight (Minor) at 0:04, Jarred Tinordi (TOR) for instigated a fight (10 Minutes Misconduct) at 0:04

3rd period

No Goal

Penalties :
Bobby Shea (TOR) for Roughing (Minor) at 5:41, Stefan Noesen (TOR) for Tripping (Minor) at 12:53, Mike Brown (BIN) for Interference (Minor) at 17:58

Overtime #1

No Goal

Penalties :
No Penalty

Shootout

Penalty Shot by Emerson Etem for Senators - Goal!
Penalty Shot by Jordan Nolan for Marlies - Stopped by Jean-Francois Berube
Penalty Shot by Cody Hodgson for Senators - Shot Misses the Net
Penalty Shot by Andy Miele for Marlies - Shot Misses the Net
Penalty Shot by Colin Greening for Senators - Stopped by Scott Clemmensen
Penalty Shot by Rich Clune for Marlies - Stopped by Jean-Francois Berube

Penalties :
No Penalty

Goalie Stats

Jean-Francois Berube (BIN), 27 saves from 28 shots - (0.964), W, 17-17-14, 65:00 minutes
Scott Clemmensen (TOR), 32 saves from 33 shots - (0.970), OTL, 11-2-10, 65:00 minutes

Players Stats for Senators

Player Name              G  A  P  +/- PIM S  H  SB GA TA FO     MP     PP MP  PK MP  
------------------------------------------------------------------------------------
Cody Hodgson             0  1  1   1  0   3  1  0  3  2  8/15   24:25   3:39   1:34 
Colin Greening           0  0  0   1  0   0  0  1  0  0  0/1    14:10   4:23   0:00 
Colton Orr               0  0  0  -1  0   0  1  0  2  0  0/1    11:55   0:50   0:00 
Connor Brown             0  0  0  -1  0   1  2  0  3  1  1/1    15:49   0:00   0:43 
Darcy Zajac              0  0  0   0  0   2  0  0  2  0  0/0     5:01   0:22   0:00 
Emerson Etem             1  0  1   0  0   5  2  3  10 3  5/7    25:05   3:35   1:16 
Evan Trupp               0  0  0  -1  0   2  2  0  3  0  3/8    15:53   0:22   0:25 
Greg Nemisz              0  0  0   0  5   5  0  1  3  1  0/0    17:13   3:33   0:00 
Griffin Reinhart         0  1  1   1  5   1  3  2  2  2  0/0    26:31   2:45   1:16 
Jesse Blacker            0  0  0   0  0   0  2  3  0  2  0/0    26:57   4:06   1:07 
Joe Finley               0  0  0   0  0   0  1  1  0  0  0/0     4:38   1:15   0:00 
Kenny Ryan               0  0  0   0  0   5  1  0  2  1  0/0    12:48   0:00   0:00 
Matt Finn                0  0  0   0  0   1  1  0  0  0  0/0    23:04   3:30   0:20 
Mike Brown               0  0  0   0  2   4  1  2  2  0  0/0    18:40   3:31   0:00 
Philip McRae             0  0  0   0  5   2  2  0  4  0  1/5    10:24   0:00   0:00 
Ryan Craig               0  0  0   0  0   1  1  1  1  0  7/8    19:44   3:33   0:00 
Tom Nilsson              0  0  0  -1  0   1  0  1  0  1  0/0    19:53   0:00   0:23 
Viktor Loov              0  0  0   1  0   0  3  2  0  0  0/0    25:42   4:16   0:52 

Players Stats for Marlies

Player Name              G  A  P  +/- PIM S  H  SB GA TA FO     MP     PP MP  PK MP  
------------------------------------------------------------------------------------
Andrew Yogan             0  0  0   0  0   1  0  1  2  0  7/14   12:44   0:00   0:00 
Andy Miele               0  0  0  -1  0   1  0  0  0  1  2/7    24:36   1:02   4:51 
Austen Brassard          0  0  0   1  0   1  0  0  0  0  0/0    17:14   0:57   0:00 
Bobby Shea               0  0  0   0  2   0  1  1  0  0  0/0    20:45   0:00   1:39 
Chad Nehring             0  0  0   0  0   1  0  0  0  0  0/0     3:40   0:00   0:00 
Colton Gillies           0  0  0   0  0   3  4  0  0  0  0/0    15:56   0:00   1:38 
David Shields            0  0  0   0  0   0  1  1  0  4  0/0    23:47   0:49   2:47 
Gemel Smith              0  0  0  -1  0   0  0  0  2  0  2/3    11:31   0:00   0:00 
Jarred Tinordi           0  0  0   1  22  2  3  2  1  4  0/0    17:00   1:10   3:30 
Jonathon Blum            0  0  0  -1  0   2  0  3  1  3  0/0    24:13   0:49   2:47 
Jordan Nolan             0  0  0   0  2   2  2  1  2  1  3/8    23:50   1:02   3:26 
Nicolas Deschamps        0  0  0   0  0   0  1  0  0  0  0/1     9:25   0:00   0:00 
Phil Di Giuseppe         0  0  0  -1  0   1  2  0  2  1  1/2    16:09   0:00   2:58 
Rich Clune               0  1  1   1  5   2  1  1  2  1  0/0    17:53   0:57   1:38 
Ryan Carpenter           0  1  1   1  0   4  0  0  2  3  5/10   20:14   0:57   1:21 
Scott Harrington         1  0  1   1  0   7  1  6  2  5  0/0    24:38   1:10   5:09 
Stefan Noesen            0  0  0   0  2   1  1  0  4  0  1/1    10:24   1:02   0:00 
Travis Ehrhardt          0  0  0  -1  0   0  2  0  0  2  0/0    17:54   0:00   0:00 

3 Stars

1 - Scott Clemmensen (TOR)
2 - Jean-Francois Berube (BIN)
3 - Scott Harrington (TOR)

Power Play

Senators - 0 on 4 Attempt(s) - 0.00%
Marlies - 0 on 1 Attempt(s) - 0.00%

Penalty Kill

Senators - 1 on 1 Attempt(s) - 100.00% - Score 0 goal in Penalty Kill
Marlies - 4 on 4 Attempt(s) - 100.00% - Score 0 goal in Penalty Kill

Team Stat

Senators - Hits : 23 - Faceoff Wins : 25 - Blocked Shots : 17 - Penalty Minutes : 17
Marlies - Hits : 19 - Faceoff Wins : 21 - Blocked Shots : 16 - Penalty Minutes : 33

Official

Referees : Unknown
Linesman : Unknown

Game Notes

Philip McRae beats up Jarred Tinordi at 5:11 of 1st period
Greg Nemisz beats up Rich Clune at 10:42 of 1st period
Joe Finley is injured at 12:08 of 1st period (Bruised Right Shoulder)
Jarred Tinordi beats up Griffin Reinhart at 0:04 of 2nd period

Finance

Level 1 -- Attendance: 1565 (78.25%) -- Ticket Income $54,775
Level 2 -- Attendance: 766 (76.60%) -- Ticket Income $11,490
Total Attendance: 2331 (77.70%)
Total Ticket Income: $66,265
Other Income: $32,470
Total Income: $98,735

Senators

5 vs 5 Forward 
   Center                   Left Wing                Right Wing               Time % Phy DF OF 
 1 Cody Hodgson             Emerson Etem             Colin Greening           35     1   2  2  
 2 Ryan Craig               Mike Brown               Greg Nemisz              30     1   2  2  
 3 Evan Trupp               Emerson Etem             Connor Brown             22     1   2  2  
 4 Philip McRae             Cody Hodgson             Kenny Ryan               13     1   2  2  

5 vs 5 Defense 
   Defense                  Defense                                           Time % Phy DF OF 
 1 Jesse Blacker            Griffin Reinhart                                  35     1   2  2  
 2 Joe Finley               Viktor Loov                                       30     1   2  2  
 3 Matt Finn                Tom Nilsson                                       22     1   2  2  
 4 Jesse Blacker            Griffin Reinhart                                  13     1   2  2  

PowerPlay Forward 
   Center                   Left Wing                Right Wing               Time % Phy DF OF 
 1 Cody Hodgson             Emerson Etem             Colin Greening           60     1   2  2  
 2 Ryan Craig               Mike Brown               Greg Nemisz              40     1   2  2  

PowerPlay Defense
   Defense                  Defense                                           Time % Phy DF OF 
 1 Jesse Blacker            Griffin Reinhart                                  60     1   2  2  
 2 Joe Finley               Viktor Loov                                       40     1   2  2  

Penalty Kill 4 Players Forward 
   Center                   Wing                     Time % Phy DF OF 
 1 Emerson Etem             Cody Hodgson             60     1   2  2  
 2 Colin Greening           Ryan Craig               40     1   2  2  

Penalty Kill 4 Players Defense
   Defense                  Defense                  Time % Phy DF OF 
 1 Jesse Blacker            Griffin Reinhart         60     1   2  2  
 2 Joe Finley               Viktor Loov              40     1   2  2  

Penalty Kill - 3 Players Forward 
   Forward                                           Time % Phy DF OF 
 1 Emerson Etem                                      60     1   2  2  
 2 Cody Hodgson                                      40     1   2  2  

Penalty Kill - 3 Players Defense
   Defense                  Defense                  Time % Phy DF OF 
 1 Jesse Blacker            Griffin Reinhart         60     1   2  2  
 2 Joe Finley               Viktor Loov              40     1   2  2  

4 vs 4 Forward 
   Center                   Wing                     Time % Phy DF OF 
 1 Emerson Etem             Cody Hodgson             60     1   2  2  
 2 Colin Greening           Ryan Craig               40     1   2  2  

4 vs 4 Defense
   Defense                  Defense                  Time % Phy DF OF 
 1 Jesse Blacker            Griffin Reinhart         60     1   2  2  
 2 Joe Finley               Viktor Loov              40     1   2  2  

Last Minutes Offensive
   Center                   Left Wing                Right Wing               Defense                  Defense                  
   Cody Hodgson             Emerson Etem             Colin Greening           Jesse Blacker            Griffin Reinhart         

Last Minutes Defensive
   Center                   Left Wing                Right Wing               Defense                  Defense                  
   Cody Hodgson             Emerson Etem             Colin Greening           Jesse Blacker            Griffin Reinhart         

Goaltenders
Starting : Jean-Francois Berube     
Backup : Cedrick Desjardins       

Extra Forwards
Normal : Colton Orr, Darcy Zajac, Connor Brown - PP : Colton Orr, Darcy Zajac - PK : Connor Brown
Extra Defensemen
Normal : Matt Finn, Tom Nilsson, Joe Finley - PP : Matt Finn - PK : Tom Nilsson, Joe Finley
Penalty Shots
Emerson Etem, Cody Hodgson, Colin Greening, Ryan Craig, Mike Brown

Marlies

5 vs 5 Forward 
   Center                   Left Wing                Right Wing               Time % Phy DF OF 
 1 Andy Miele               Jordan Nolan             Stefan Noesen            35     1   2  2  
 2 Ryan Carpenter           Rich Clune               Austen Brassard          30     1   2  2  
 3 Andrew Yogan             Colton Gillies           Jordan Nolan             22     1   2  2  
 4 Gemel Smith              Phil Di Giuseppe         Andy Miele               13     1   2  2  

5 vs 5 Defense 
   Defense                  Defense                                           Time % Phy DF OF 
 1 Jarred Tinordi           Scott Harrington                                  35     1   2  2  
 2 Jonathon Blum            David Shields                                     30     1   2  2  
 3 Travis Ehrhardt          Bobby Shea                                        22     1   2  2  
 4 Jarred Tinordi           Scott Harrington                                  13     1   2  2  

PowerPlay Forward 
   Center                   Left Wing                Right Wing               Time % Phy DF OF 
 1 Andy Miele               Jordan Nolan             Stefan Noesen            60     1   2  2  
 2 Ryan Carpenter           Rich Clune               Austen Brassard          40     1   2  2  

PowerPlay Defense
   Defense                  Defense                                           Time % Phy DF OF 
 1 Jarred Tinordi           Scott Harrington                                  60     1   2  2  
 2 Jonathon Blum            David Shields                                     40     1   2  2  

Penalty Kill 4 Players Forward 
   Center                   Wing                     Time % Phy DF OF 
 1 Jordan Nolan             Andy Miele               60     1   2  2  
 2 Rich Clune               Colton Gillies           40     1   2  2  

Penalty Kill 4 Players Defense
   Defense                  Defense                  Time % Phy DF OF 
 1 Jarred Tinordi           Scott Harrington         60     1   2  2  
 2 Jonathon Blum            David Shields            40     1   2  2  

Penalty Kill - 3 Players Forward 
   Forward                                           Time % Phy DF OF 
 1 Jordan Nolan                                      60     1   2  2  
 2 Andy Miele                                        40     1   2  2  

Penalty Kill - 3 Players Defense
   Defense                  Defense                  Time % Phy DF OF 
 1 Jarred Tinordi           Scott Harrington         60     1   2  2  
 2 Jonathon Blum            David Shields            40     1   2  2  

4 vs 4 Forward 
   Center                   Wing                     Time % Phy DF OF 
 1 Jordan Nolan             Andy Miele               60     1   2  2  
 2 Rich Clune               Colton Gillies           40     1   2  2  

4 vs 4 Defense
   Defense                  Defense                  Time % Phy DF OF 
 1 Jarred Tinordi           Scott Harrington         60     1   2  2  
 2 Jonathon Blum            David Shields            40     1   2  2  

Last Minutes Offensive
   Center                   Left Wing                Right Wing               Defense                  Defense                  
   Andy Miele               Jordan Nolan             Stefan Noesen            Jarred Tinordi           Scott Harrington         

Last Minutes Defensive
   Center                   Left Wing                Right Wing               Defense                  Defense                  
   Andy Miele               Jordan Nolan             Stefan Noesen            Jarred Tinordi           Scott Harrington         

Goaltenders
Starting : Scott Clemmensen         
Backup : Dustin Tokarski          

Extra Forwards
Normal : Nicolas Deschamps, Chad Nehring, Phil Di Giuseppe - PP : Nicolas Deschamps, Chad Nehring - PK : Phil Di Giuseppe
Extra Defensemen
Normal : Travis Ehrhardt, Bobby Shea, Jonathon Blum - PP : Travis Ehrhardt - PK : Bobby Shea, Jonathon Blum
Penalty Shots
Jordan Nolan, Andy Miele, Rich Clune, Colton Gillies, Stefan Noesen

% Time on Ice - Senators

Lines # - Real PCT - Wanted PCT - Time Play
Normal Forward
1 - 17% - 35% - 8:36
2 - 31% - 30% - 15:28
3 - 29% - 22% - 14:25
4 - 23% - 13% - 11:36
Normal Defense
1 - 26% - 35% - 12:48
2 - 51% - 30% - 25:19
3 - 20% - 22% - 9:53
4 - 4% - 13% - 2:05
PP Forward
1 - 55% - 60% - 4:23
2 - 45% - 40% - 3:33
PP Defense
1 - 41% - 60% - 3:16
2 - 59% - 40% - 4:40
PK Forward
1 - 100% - 60% - 1:59
2 - 0% - 40% - 0:00
PK Defense
1 - 39% - 60% - 0:47
2 - 61% - 40% - 1:12
PK3 Forward
1 - 0% - 60%
2 - 0% - 40%
PK3 Defense
1 - 0% - 60%
2 - 0% - 40%
44 Forward
1 - 86% - 60% - 4:17
2 - 14% - 40% - 0:43
44 Defense
1 - 50% - 60% - 2:29
2 - 50% - 40% - 2:31
Last Minute Offensive  - 0:00
Last Minute Defensive  - 0:00
Total
Forward - 65:00
Defense - 65:00

% Time on Ice - Marlies

Lines # - Real PCT - Wanted PCT - Time Play
Normal Forward
1 - 17% - 35% - 8:42
2 - 35% - 30% - 17:29
3 - 25% - 22% - 12:45
4 - 22% - 13% - 11:09
Normal Defense
1 - 34% - 35% - 17:08
2 - 28% - 30% - 13:54
3 - 24% - 22% - 12:02
4 - 14% - 13% - 7:01
PP Forward
1 - 52% - 60% - 1:02
2 - 48% - 40% - 0:57
PP Defense
1 - 59% - 60% - 1:10
2 - 41% - 40% - 0:49
PK Forward
1 - 79% - 60% - 6:18
2 - 21% - 40% - 1:38
PK Defense
1 - 65% - 60% - 5:09
2 - 35% - 40% - 2:47
PK3 Forward
1 - 0% - 60%
2 - 0% - 40%
PK3 Defense
1 - 0% - 60%
2 - 0% - 40%
44 Forward
1 - 100% - 60% - 5:00
2 - 0% - 40% - 0:00
44 Defense
1 - 53% - 60% - 2:40
2 - 47% - 40% - 2:20
Last Minute Offensive  - 0:00
Last Minute Defensive  - 0:00
Total
Forward - 65:00
Defense - 65:00

Play by Play

1st period


0:01 of 1st period - Stefan Noesen wins face-off versus Colin Greening in neutral zone.
0:10 of 1st period - Backhand shot by Stefan Noesen.
0:10 of 1st period - Stopped by Jean-Francois Berube with a rebound.
0:12 of 1st period - Backhand shot by Scott Harrington.
0:12 of 1st period - Shot Blocked by Jesse Blacker.
0:14 of 1st period - Slapshot by Jarred Tinordi.
0:14 of 1st period - Stopped by Jean-Francois Berube with a rebound.
0:16 of 1st period - Snap shot by Jarred Tinordi.
0:16 of 1st period - Shot Hit the Post.
0:49 of 1st period - Ryan Carpenter is hit by Griffin Reinhart and loses puck.
0:58 of 1st period - Snap shot by Greg Nemisz.
0:58 of 1st period - Stopped by Scott Clemmensen with a rebound.
1:00 of 1st period - Slapshot by Viktor Loov.
1:00 of 1st period - Shot Misses the Net.
1:18 of 1st period - Slapshot by Mike Brown.
1:18 of 1st period - Deflect By Scott Harrington.
1:18 of 1st period - Shot Blocked by Scott Harrington.
1:18 of 1st period - Puck is out of play.
1:19 of 1st period - Evan Trupp wins face-off versus Andrew Yogan in Marlies zone.
1:23 of 1st period - Minor Penalty to Jordan Nolan for Hooking.
1:24 of 1st period - Phil Di Giuseppe wins face-off versus Cody Hodgson in Marlies zone.
2:20 of 1st period - Slapshot by Greg Nemisz.
2:20 of 1st period - Deflect By Mike Brown.
2:20 of 1st period - Shot Blocked by Rich Clune.
2:20 of 1st period - Puck is out of play.
2:21 of 1st period - Ryan Craig wins face-off versus Phil Di Giuseppe in Marlies zone.
2:32 of 1st period - Slapshot by Jarred Tinordi.
2:32 of 1st period - Shot Blocked by Viktor Loov.
3:00 of 1st period - Slapshot by Cody Hodgson.
3:00 of 1st period - Stopped by Scott Clemmensen with a rebound.
3:02 of 1st period - Slapshot by Emerson Etem.
3:02 of 1st period - Shot Misses the Net.
3:23 of 1st period - Penalty to Jordan Nolan is over, Jordan Nolan is back on ice.
3:45 of 1st period - Snap shot by Philip McRae.
3:45 of 1st period - Shot Misses the Net.
3:47 of 1st period - Wrist shot by Kenny Ryan.
3:47 of 1st period - Stopped by Scott Clemmensen with a rebound.
3:49 of 1st period - Snap shot by Philip McRae.
3:49 of 1st period - Stopped by Scott Clemmensen with a rebound.
3:55 of 1st period - Wrist shot by Kenny Ryan.
3:55 of 1st period - Stopped by Scott Clemmensen with a rebound.
3:57 of 1st period - Slapshot by Tom Nilsson.
3:57 of 1st period - Stopped by Scott Clemmensen with a rebound.
4:23 of 1st period - Phil Di Giuseppe is hit by Connor Brown and loses puck.
4:48 of 1st period - Wrist shot by Ryan Carpenter.
4:48 of 1st period - Stopped by Jean-Francois Berube without a rebound.
4:49 of 1st period - Ryan Carpenter wins face-off versus Philip McRae in Senators zone.
4:50 of 1st period - Slapshot by Scott Harrington.
4:50 of 1st period - Stopped by Jean-Francois Berube with a rebound.
5:00 of 1st period - Snap shot by Cody Hodgson.
5:00 of 1st period - Shot Misses the Net.
5:02 of 1st period - Snap shot by Kenny Ryan.
5:02 of 1st period - Shot Misses the Net.
5:04 of 1st period - Wrist shot by Kenny Ryan.
5:04 of 1st period - Stopped by Scott Clemmensen with a rebound.
5:06 of 1st period - Wrist shot by Griffin Reinhart.
5:06 of 1st period - Shot Blocked by Jarred Tinordi.
5:11 of 1st period - Philip McRae beats up Jarred Tinordi.
5:11 of 1st period - Penalty to Jarred Tinordi for Fighting.
5:11 of 1st period - Penalty to Philip McRae for Fighting.
5:12 of 1st period - Andrew Yogan wins face-off versus Ryan Craig in Marlies zone.
5:12 of 1st period - Andrew Yogan is hit by Joe Finley.
5:18 of 1st period - Joe Finley is hit by Travis Ehrhardt and loses puck.
5:29 of 1st period - Snap shot by Mike Brown.
5:29 of 1st period - Stopped by Scott Clemmensen with a rebound.
5:35 of 1st period - Snap shot by Mike Brown.
5:35 of 1st period - Shot Misses the Net.
5:37 of 1st period - Slapshot by Viktor Loov.
5:37 of 1st period - Shot Blocked by Scott Harrington.
5:39 of 1st period - Snap shot by Greg Nemisz.
5:39 of 1st period - Stopped by Scott Clemmensen with a rebound.
5:41 of 1st period - Snap shot by Mike Brown.
5:41 of 1st period - Stopped by Scott Clemmensen with a rebound.
5:43 of 1st period - Snap shot by Greg Nemisz.
5:43 of 1st period - Shot Blocked by Scott Harrington.
5:45 of 1st period - Slapshot by Viktor Loov.
5:45 of 1st period - Shot Misses the Net.
5:47 of 1st period - Slapshot by Greg Nemisz.
5:47 of 1st period - Deflect By Mike Brown.
5:47 of 1st period - Stopped by Scott Clemmensen with a rebound.
5:49 of 1st period - Snap shot by Mike Brown.
5:49 of 1st period - Deflect By Greg Nemisz.
5:49 of 1st period - Shot Misses the Net.
5:49 of 1st period - Puck is out of play.
5:50 of 1st period - Gemel Smith wins face-off versus Cody Hodgson in Marlies zone.
6:07 of 1st period - Snap shot by Andy Miele.
6:07 of 1st period - Deflect By Emerson Etem.
6:07 of 1st period - Stopped by Jean-Francois Berube with a rebound.
6:11 of 1st period - Snap shot by Phil Di Giuseppe.
6:11 of 1st period - Stopped by Jean-Francois Berube with a rebound.
7:03 of 1st period - Snap shot by Rich Clune.
7:03 of 1st period - Shot Blocked by Mike Brown.
7:05 of 1st period - Slapshot by Ryan Carpenter.
7:05 of 1st period - Deflect By Rich Clune.
7:05 of 1st period - Stopped by Jean-Francois Berube with a rebound.
7:07 of 1st period - Slapshot by Ryan Carpenter.
7:07 of 1st period - Shot Misses the Net.
7:09 of 1st period - Snap shot by Ryan Carpenter.
7:09 of 1st period - Stopped by Jean-Francois Berube with a rebound.
7:15 of 1st period - Wrist shot by Rich Clune.
7:15 of 1st period - Shot Misses the Net.
7:17 of 1st period - Slapshot by Bobby Shea.
7:17 of 1st period - Shot Blocked by Greg Nemisz.
7:37 of 1st period - Slapshot by Scott Harrington.
7:37 of 1st period - Deflect By Colton Gillies.
7:37 of 1st period - Shot Misses the Net.
7:37 of 1st period - Puck is out of play.
7:38 of 1st period - Jordan Nolan wins face-off versus Evan Trupp in Senators zone.
10:42 of 1st period - Greg Nemisz beats up Rich Clune.
10:42 of 1st period - Penalty to Rich Clune for Fighting.
10:42 of 1st period - Penalty to Greg Nemisz for Fighting.
10:43 of 1st period - Ryan Carpenter wins face-off versus Philip McRae in Marlies zone.
11:45 of 1st period - Off-side.
11:46 of 1st period - Evan Trupp wins face-off versus Andrew Yogan in neutral zone.
12:08 of 1st period - Slapshot by Jarred Tinordi.
12:08 of 1st period - Shot Blocked by Joe Finley.
12:08 of 1st period - Joe Finley from Senators is injured at 12:08 of 1st period (Bruised Right Shoulder).
12:09 of 1st period - Cody Hodgson wins face-off versus Andy Miele in Senators zone.
12:32 of 1st period - Wrist shot by Cody Hodgson.
12:32 of 1st period - Shot Misses the Net.
12:34 of 1st period - Wrist shot by Emerson Etem.
12:34 of 1st period - Shot Blocked by Scott Harrington.
12:36 of 1st period - Slapshot by Jesse Blacker.
12:36 of 1st period - Shot Blocked by Scott Harrington.
13:06 of 1st period - Mike Brown is hit by Nicolas Deschamps.
13:20 of 1st period - Slapshot by Ryan Craig.
13:20 of 1st period - Stopped by Scott Clemmensen without a rebound.
13:21 of 1st period - Evan Trupp wins face-off versus Andrew Yogan in Marlies zone.
13:30 of 1st period - Snap shot by Connor Brown.
13:30 of 1st period - Shot Blocked by Jonathon Blum.
13:32 of 1st period - Snap shot by Evan Trupp.
13:32 of 1st period - Stopped by Scott Clemmensen with a rebound.
13:34 of 1st period - Slapshot by Viktor Loov.
13:34 of 1st period - Shot Misses the Net.
13:36 of 1st period - Backhand shot by Matt Finn.
13:36 of 1st period - Shot Misses the Net.
13:38 of 1st period - Snap shot by Matt Finn.
13:38 of 1st period - Stopped by Scott Clemmensen without a rebound.
13:39 of 1st period - Andrew Yogan wins face-off versus Evan Trupp in Marlies zone.
13:39 of 1st period - Andrew Yogan is hit by Emerson Etem.
14:23 of 1st period - Wrist shot by Ryan Carpenter.
14:23 of 1st period - Stopped by Jean-Francois Berube with a rebound.
15:04 of 1st period - Slapshot by Philip McRae.
15:04 of 1st period - Shot Misses the Net.
15:06 of 1st period - Backhand shot by Griffin Reinhart.
15:06 of 1st period - Shot Misses the Net.
15:08 of 1st period - Wrist shot by Philip McRae.
15:08 of 1st period - Stopped by Scott Clemmensen with a rebound.
15:35 of 1st period - Snap shot by Cody Hodgson.
15:35 of 1st period - Shot Misses the Net.
16:05 of 1st period - Griffin Reinhart is hit by Jarred Tinordi and loses puck.
18:53 of 1st period - Viktor Loov is hit by Colton Gillies and loses puck.
18:59 of 1st period - Icing by Kenny Ryan.
19:00 of 1st period - Philip McRae wins face-off versus Andrew Yogan in Senators zone.
19:07 of 1st period - Nicolas Deschamps is hit by Philip McRae and loses puck.
19:15 of 1st period - Icing by Andrew Yogan.
19:16 of 1st period - Ryan Craig wins face-off versus Andrew Yogan in Marlies zone.
19:54 of 1st period - Wrist shot by Emerson Etem.
19:54 of 1st period - Shot Misses the Net.
Goals for this period are 0 for Senators vs 0 for Marlies.
Shots for this period are 15 for Senators vs 9 for Marlies.

2nd period


0:01 of 2nd period - Andy Miele wins face-off versus Cody Hodgson in neutral zone.
0:04 of 2nd period - Jarred Tinordi beats up Griffin Reinhart.
0:04 of 2nd period - Penalty to Jarred Tinordi for Fighting.
0:04 of 2nd period - Penalty to Griffin Reinhart for Fighting.
0:04 of 2nd period - Penalty to Jarred Tinordi for instigated a fight.
0:04 of 2nd period - Penalty to Jarred Tinordi for instigated a fight.
0:05 of 2nd period - Cody Hodgson wins face-off versus Jordan Nolan in Marlies zone.
0:12 of 2nd period - Snap shot by Cody Hodgson.
0:12 of 2nd period - Shot Blocked by Bobby Shea.
1:38 of 2nd period - Scott Harrington is hit by Viktor Loov.
2:04 of 2nd period - Penalty to Jarred Tinordi is over, Stefan Noesen is send on ice.
2:59 of 2nd period - Scott Harrington is hit by Philip McRae and loses puck.
3:38 of 2nd period - Mike Brown is hit by Colton Gillies and loses puck.
3:43 of 2nd period - Slapshot by Jonathon Blum.
3:43 of 2nd period - Shot Blocked by Tom Nilsson.
4:11 of 2nd period - Philip McRae is hit by David Shields and loses puck.
4:55 of 2nd period - Rich Clune is hit by Jesse Blacker and loses puck.
5:28 of 2nd period - Ryan Craig is hit by Phil Di Giuseppe and loses puck.
6:10 of 2nd period - Slapshot by Darcy Zajac.
6:10 of 2nd period - Shot Blocked by Andrew Yogan.
6:12 of 2nd period - Snap shot by Colin Greening.
6:12 of 2nd period - Shot Misses the Net.
6:14 of 2nd period - Slapshot by Griffin Reinhart.
6:14 of 2nd period - Shot Blocked by Jonathon Blum.
6:16 of 2nd period - Wrist shot by Darcy Zajac.
6:16 of 2nd period - Stopped by Scott Clemmensen with a rebound.
6:18 of 2nd period - Wrist shot by Darcy Zajac.
6:18 of 2nd period - Stopped by Scott Clemmensen without a rebound.
6:19 of 2nd period - Ryan Carpenter wins face-off versus Evan Trupp in Marlies zone.
8:05 of 2nd period - Slapshot by Rich Clune.
8:05 of 2nd period - Shot Blocked by Colin Greening.
8:07 of 2nd period - Snap shot by Ryan Carpenter.
8:07 of 2nd period - Shot Misses the Net.
8:09 of 2nd period - Snap shot by Scott Harrington.
8:09 of 2nd period - Deflect By Rich Clune.
8:09 of 2nd period - Shot Misses the Net.
8:09 of 2nd period - Puck is out of play.
8:10 of 2nd period - Ryan Carpenter wins face-off versus Cody Hodgson in Senators zone.
8:51 of 2nd period - Wrist shot by Scott Harrington.
8:51 of 2nd period - Stopped by Jean-Francois Berube with a rebound.
9:01 of 2nd period - Slapshot by Connor Brown.
9:01 of 2nd period - Shot Blocked by Scott Harrington.
9:37 of 2nd period - Snap shot by Emerson Etem.
9:37 of 2nd period - Shot Misses the Net.
9:39 of 2nd period - Slapshot by Griffin Reinhart.
9:39 of 2nd period - Deflect By Emerson Etem.
9:39 of 2nd period - Goal by Emerson Etem - Senators : 1 - Marlies : 0.
9:40 of 2nd period - Ryan Craig wins face-off versus Andrew Yogan in neutral zone.
10:28 of 2nd period - Andy Miele is hit by Connor Brown and loses puck.
10:53 of 2nd period - Austen Brassard is hit by Griffin Reinhart and loses puck.
11:18 of 2nd period - Greg Nemisz is hit by Jordan Nolan and loses puck.
11:42 of 2nd period - Slapshot by Stefan Noesen.
11:42 of 2nd period - Shot Blocked by Jesse Blacker.
11:48 of 2nd period - Jonathon Blum is hit by Evan Trupp and loses puck.
12:13 of 2nd period - Phil Di Giuseppe is hit by Kenny Ryan and loses puck.
12:40 of 2nd period - Slapshot by Scott Harrington.
12:40 of 2nd period - Stopped by Jean-Francois Berube without a rebound.
12:41 of 2nd period - Emerson Etem wins face-off versus Andrew Yogan in Senators zone.
13:21 of 2nd period - Snap shot by Stefan Noesen.
13:21 of 2nd period - Shot Misses the Net.
13:23 of 2nd period - Snap shot by Chad Nehring.
13:23 of 2nd period - Stopped by Jean-Francois Berube with a rebound.
13:25 of 2nd period - Slapshot by David Shields.
13:25 of 2nd period - Shot Misses the Net.
13:27 of 2nd period - Slapshot by Scott Harrington.
13:27 of 2nd period - Shot Misses the Net.
14:10 of 2nd period - Snap shot by Colton Gillies.
14:10 of 2nd period - Stopped by Jean-Francois Berube with a rebound.
14:14 of 2nd period - Snap shot by Jordan Nolan.
14:14 of 2nd period - Deflect By Emerson Etem.
14:14 of 2nd period - Stopped by Jean-Francois Berube with a rebound.
14:16 of 2nd period - Snap shot by Ryan Carpenter.
14:16 of 2nd period - Stopped by Jean-Francois Berube with a rebound.
14:18 of 2nd period - Wrist shot by Colton Gillies.
14:18 of 2nd period - Stopped by Jean-Francois Berube with a rebound.
14:20 of 2nd period - Snap shot by Colton Gillies.
14:20 of 2nd period - Stopped by Jean-Francois Berube with a rebound.
15:04 of 2nd period - 10 Minutes Misconduct Penalty to Jarred Tinordi is over.
15:23 of 2nd period - Darcy Zajac is hit by Stefan Noesen and loses puck.
16:18 of 2nd period - Tom Nilsson is hit by Rich Clune and loses puck.
16:44 of 2nd period - Slapshot by Jonathon Blum.
16:44 of 2nd period - Stopped by Jean-Francois Berube with a rebound.
17:14 of 2nd period - Slapshot by Scott Harrington.
17:14 of 2nd period - Goal by Scott Harrington - Senators : 1 - Marlies : 1.
17:15 of 2nd period - Andrew Yogan wins face-off versus Cody Hodgson in neutral zone.
17:23 of 2nd period - Slapshot by Scott Harrington.
17:23 of 2nd period - Stopped by Jean-Francois Berube with a rebound.
17:25 of 2nd period - Snap shot by Jordan Nolan.
17:25 of 2nd period - Deflect By Andrew Yogan.
17:25 of 2nd period - Shot Misses the Net.
17:25 of 2nd period - Puck is out of play.
17:26 of 2nd period - Andrew Yogan wins face-off versus Cody Hodgson in Senators zone.
17:27 of 2nd period - Slapshot by Jarred Tinordi.
17:27 of 2nd period - Shot Blocked by Viktor Loov.
17:29 of 2nd period - Wrist shot by Andrew Yogan.
17:29 of 2nd period - Stopped by Jean-Francois Berube with a rebound.
17:31 of 2nd period - Wrist shot by Scott Harrington.
17:31 of 2nd period - Stopped by Jean-Francois Berube with a rebound.
17:33 of 2nd period - Wrist shot by Jarred Tinordi.
17:33 of 2nd period - Deflect By Emerson Etem.
17:33 of 2nd period - Stopped by Jean-Francois Berube without a rebound.
17:34 of 2nd period - Andrew Yogan wins face-off versus Cody Hodgson in Senators zone.
18:14 of 2nd period - Snap shot by Rich Clune.
18:14 of 2nd period - Shot Blocked by Emerson Etem.
18:16 of 2nd period - Slapshot by Travis Ehrhardt.
18:16 of 2nd period - Shot Blocked by Griffin Reinhart.
18:18 of 2nd period - Slapshot by Bobby Shea.
18:18 of 2nd period - Shot Misses the Net.
18:20 of 2nd period - Wrist shot by Austen Brassard.
18:20 of 2nd period - Stopped by Jean-Francois Berube with a rebound.
18:36 of 2nd period - Jordan Nolan is hit by Cody Hodgson and loses puck.
18:49 of 2nd period - Snap shot by Mike Brown.
18:49 of 2nd period - Shot Hit the Post.
19:25 of 2nd period - David Shields is hit by Evan Trupp and loses puck.
19:32 of 2nd period - Travis Ehrhardt is hit by Matt Finn and loses puck.
19:40 of 2nd period - Off-side.
19:41 of 2nd period - Ryan Craig wins face-off versus Ryan Carpenter in neutral zone.
19:46 of 2nd period - Wrist shot by Mike Brown.
19:46 of 2nd period - Stopped by Scott Clemmensen with a rebound.
Goals for this period are 1 for Senators vs 1 for Marlies.
Shots for this period are 4 for Senators vs 15 for Marlies.

3rd period


0:01 of 3rd period - Cody Hodgson wins face-off versus Andy Miele in neutral zone.
0:15 of 3rd period - Icing by David Shields.
0:16 of 3rd period - Cody Hodgson wins face-off versus Jordan Nolan in Marlies zone.
0:17 of 3rd period - Slapshot by Emerson Etem.
0:17 of 3rd period - Stopped by Scott Clemmensen without a rebound.
0:18 of 3rd period - Cody Hodgson wins face-off versus Andy Miele in Marlies zone.
0:43 of 3rd period - Wrist shot by Cody Hodgson.
0:43 of 3rd period - Deflect By Emerson Etem.
0:43 of 3rd period - Shot Blocked by Jonathon Blum.
0:43 of 3rd period - Puck is out of play.
0:44 of 3rd period - Ryan Craig wins face-off versus Ryan Carpenter in Marlies zone.
0:59 of 3rd period - Snap shot by Greg Nemisz.
0:59 of 3rd period - Shot Misses the Net.
1:01 of 3rd period - Snap shot by Greg Nemisz.
1:01 of 3rd period - Stopped by Scott Clemmensen with a rebound.
1:03 of 3rd period - Slapshot by Greg Nemisz.
1:03 of 3rd period - Shot Misses the Net.
1:05 of 3rd period - Slapshot by Greg Nemisz.
1:05 of 3rd period - Stopped by Scott Clemmensen without a rebound.
1:06 of 3rd period - Andy Miele wins face-off versus Emerson Etem in Marlies zone.
1:21 of 3rd period - Snap shot by Cody Hodgson.
1:21 of 3rd period - Shot Misses the Net.
1:23 of 3rd period - Slapshot by Jesse Blacker.
1:23 of 3rd period - Shot Blocked by Jordan Nolan.
1:33 of 3rd period - Slapshot by Emerson Etem.
1:33 of 3rd period - Stopped by Scott Clemmensen with a rebound.
1:35 of 3rd period - Snap shot by Cody Hodgson.
1:35 of 3rd period - Stopped by Scott Clemmensen with a rebound.
1:37 of 3rd period - Snap shot by Emerson Etem.
1:37 of 3rd period - Shot Blocked by David Shields.
1:39 of 3rd period - Snap shot by Griffin Reinhart.
1:39 of 3rd period - Deflect By Emerson Etem.
1:39 of 3rd period - Shot Misses the Net.
1:39 of 3rd period - Puck is out of play.
1:40 of 3rd period - Ryan Craig wins face-off versus Ryan Carpenter in Marlies zone.
1:45 of 3rd period - Wrist shot by Greg Nemisz.
1:45 of 3rd period - Stopped by Scott Clemmensen with a rebound.
2:29 of 3rd period - Matt Finn is hit by Colton Gillies and loses puck.
2:42 of 3rd period - Snap shot by Jordan Nolan.
2:42 of 3rd period - Stopped by Jean-Francois Berube without a rebound.
2:43 of 3rd period - Andrew Yogan wins face-off versus Evan Trupp in Senators zone.
2:48 of 3rd period - Snap shot by Jonathon Blum.
2:48 of 3rd period - Deflect By Colton Gillies.
2:48 of 3rd period - Shot Misses the Net.
2:48 of 3rd period - Puck is out of play.
2:49 of 3rd period - Cody Hodgson wins face-off versus Gemel Smith in Senators zone.
2:49 of 3rd period - Cody Hodgson is hit by Phil Di Giuseppe.
2:57 of 3rd period - Wrist shot by Phil Di Giuseppe.
2:57 of 3rd period - Shot Blocked by Jesse Blacker.
3:22 of 3rd period - Snap shot by Gemel Smith.
3:22 of 3rd period - Shot Blocked by Griffin Reinhart.
3:46 of 3rd period - Slapshot by Jordan Nolan.
3:46 of 3rd period - Shot Misses the Net.
4:06 of 3rd period - Ryan Craig is hit by Bobby Shea and loses puck.
5:41 of 3rd period - Minor Penalty to Bobby Shea for Roughing.
5:42 of 3rd period - Ryan Craig wins face-off versus Jordan Nolan in Marlies zone.
6:07 of 3rd period - Scott Harrington is hit by Mike Brown.
7:14 of 3rd period - Scott Harrington is hit by Emerson Etem and loses puck.
7:39 of 3rd period - Jarred Tinordi is hit by Ryan Craig and loses puck.
7:41 of 3rd period - Penalty to Bobby Shea is over, Bobby Shea is back on ice.
8:08 of 3rd period - Snap shot by Andrew Yogan.
8:08 of 3rd period - Shot Misses the Net.
8:10 of 3rd period - Slapshot by Jonathon Blum.
8:10 of 3rd period - Stopped by Jean-Francois Berube with a rebound.
9:30 of 3rd period - Wrist shot by Colton Gillies.
9:30 of 3rd period - Shot Misses the Net.
10:06 of 3rd period - Mike Brown is hit by Travis Ehrhardt and loses puck.
10:29 of 3rd period - Slapshot by Jonathon Blum.
10:29 of 3rd period - Shot Blocked by Mike Brown.
11:40 of 3rd period - Off-side.
11:41 of 3rd period - Ryan Carpenter wins face-off versus Philip McRae in neutral zone.
12:06 of 3rd period - Snap shot by Connor Brown.
12:06 of 3rd period - Shot Misses the Net.
12:33 of 3rd period - Off-side.
12:34 of 3rd period - Cody Hodgson wins face-off versus Nicolas Deschamps in neutral zone.
12:53 of 3rd period - Minor Penalty to Stefan Noesen for Tripping.
12:54 of 3rd period - Cody Hodgson wins face-off versus Jordan Nolan in Marlies zone.
12:55 of 3rd period - Wrist shot by Emerson Etem.
12:55 of 3rd period - Stopped by Scott Clemmensen with a rebound.
14:53 of 3rd period - Penalty to Stefan Noesen is over, Stefan Noesen is back on ice.
14:57 of 3rd period - Colton Orr is hit by Colton Gillies.
15:09 of 3rd period - Snap shot by Ryan Craig.
15:09 of 3rd period - Shot Misses the Net.
15:29 of 3rd period - Snap shot by Rich Clune.
15:29 of 3rd period - Stopped by Jean-Francois Berube with a rebound.
15:49 of 3rd period - Snap shot by Evan Trupp.
15:49 of 3rd period - Deflect By Connor Brown.
15:49 of 3rd period - Shot Misses the Net.
15:49 of 3rd period - Puck is out of play.
15:50 of 3rd period - Gemel Smith wins face-off versus Evan Trupp in Marlies zone.
15:59 of 3rd period - Backhand shot by Evan Trupp.
15:59 of 3rd period - Stopped by Scott Clemmensen with a rebound.
16:23 of 3rd period - Snap shot by Kenny Ryan.
16:23 of 3rd period - Stopped by Scott Clemmensen with a rebound.
16:25 of 3rd period - Slapshot by Griffin Reinhart.
16:25 of 3rd period - Deflect By Kenny Ryan.
16:25 of 3rd period - Stopped by Scott Clemmensen without a rebound.
16:26 of 3rd period - Andrew Yogan wins face-off versus Philip McRae in Marlies zone.
16:57 of 3rd period - David Shields is hit by Colton Orr and loses puck.
17:48 of 3rd period - Ryan Craig is hit by Jarred Tinordi and loses puck.
17:58 of 3rd period - Minor Penalty to Mike Brown for Interference.
17:59 of 3rd period - Emerson Etem wins face-off versus Andy Miele in Senators zone.
18:18 of 3rd period - Wrist shot by Stefan Noesen.
18:18 of 3rd period - Shot Misses the Net.
18:36 of 3rd period - Slapshot by Ryan Carpenter.
18:36 of 3rd period - Deflect By Rich Clune.
18:36 of 3rd period - Shot Blocked by Emerson Etem.
18:36 of 3rd period - Puck is out of play.
18:37 of 3rd period - Emerson Etem wins face-off versus Ryan Carpenter in Senators zone.
18:48 of 3rd period - Snap shot by Connor Brown.
18:48 of 3rd period - Stopped by Scott Clemmensen with a rebound.
19:10 of 3rd period - Backhand shot by Jonathon Blum.
19:10 of 3rd period - Deflect By Andy Miele.
19:10 of 3rd period - Shot Blocked by Emerson Etem.
19:10 of 3rd period - Puck is out of play.
19:11 of 3rd period - Emerson Etem wins face-off versus Andy Miele in Senators zone.
19:11 of 3rd period - Emerson Etem is hit by Jordan Nolan.
19:23 of 3rd period - Slapshot by Scott Harrington.
19:23 of 3rd period - Deflect By Ryan Carpenter.
19:23 of 3rd period - Shot Misses the Net.
19:23 of 3rd period - Puck is out of play.
19:24 of 3rd period - Connor Brown wins face-off versus Ryan Carpenter in Senators zone.
19:24 of 3rd period - Connor Brown is hit by Jarred Tinordi.
19:58 of 3rd period - Penalty to Mike Brown is over, Mike Brown is back on ice.
19:58 of 3rd period - Snap shot by Scott Harrington.
19:58 of 3rd period - Stopped by Jean-Francois Berube with a rebound.
Goals for this period are 0 for Senators vs 0 for Marlies.
Shots for this period are 11 for Senators vs 4 for Marlies.

Overtime #1


0:01 of 1st overtime period - Emerson Etem wins face-off versus Jordan Nolan in neutral zone.
0:32 of 1st overtime period - Jarred Tinordi is hit by Jesse Blacker and loses puck.
0:51 of 1st overtime period - Snap shot by Emerson Etem.
0:51 of 1st overtime period - Shot Blocked by Jarred Tinordi.
2:31 of 1st overtime period - Scott Harrington is hit by Viktor Loov and loses puck.
2:42 of 1st overtime period - Snap shot by Emerson Etem.
2:42 of 1st overtime period - Stopped by Scott Clemmensen without a rebound.
2:43 of 1st overtime period - Jordan Nolan wins face-off versus Emerson Etem in Marlies zone.
2:49 of 1st overtime period - Off-side.
2:50 of 1st overtime period - Jordan Nolan wins face-off versus Colton Orr in neutral zone.
3:03 of 1st overtime period - Slapshot by Griffin Reinhart.
3:03 of 1st overtime period - Stopped by Scott Clemmensen with a rebound.
3:21 of 1st overtime period - Emerson Etem is hit by Scott Harrington.
3:33 of 1st overtime period - Slapshot by Cody Hodgson.
3:33 of 1st overtime period - Stopped by Scott Clemmensen with a rebound.
4:04 of 1st overtime period - Slapshot by Jonathon Blum.
4:04 of 1st overtime period - Shot Blocked by Ryan Craig.
4:10 of 1st overtime period - Ryan Carpenter is hit by Viktor Loov.
4:50 of 1st overtime period - Jordan Nolan is hit by Griffin Reinhart and loses puck.
Goals for this period are 0 for Senators vs 0 for Marlies.
Shots for this period are 3 for Senators vs 0 for Marlies.

ShootOut


5:00 of 1st overtime period - Penalty Shot by Emerson Etem for Senators.
5:00 of 1st overtime period - Snap shot by Emerson Etem.
5:00 of 1st overtime period - Goal by Emerson Etem.
5:00 of 1st overtime period - Penalty Shot by Jordan Nolan for Marlies.
5:00 of 1st overtime period - Snap shot by Jordan Nolan.
5:00 of 1st overtime period - Stopped by Jean-Francois Berube.
5:00 of 1st overtime period - Penalty Shot by Cody Hodgson for Senators.
5:00 of 1st overtime period - Snap shot by Cody Hodgson.
5:00 of 1st overtime period - Shot Misses the Net.
5:00 of 1st overtime period - Penalty Shot by Andy Miele for Marlies.
5:00 of 1st overtime period - Snap shot by Andy Miele.
5:00 of 1st overtime period - Shot Misses the Net.
5:00 of 1st overtime period - Penalty Shot by Colin Greening for Senators.
5:00 of 1st overtime period - Deke by Colin Greening.
5:00 of 1st overtime period - Stopped by Scott Clemmensen.
5:00 of 1st overtime period - Penalty Shot by Rich Clune for Marlies.
5:00 of 1st overtime period - Backhand shot by Rich Clune.
5:00 of 1st overtime period - Stopped by Jean-Francois Berube.